 Dungeon Crawl Stone Soup version 0.31-a0-846-gb3bcc0d938 (webtiles) character file.

Game seed: 17039739077860217613

197 arthad the Ogre Mage (level 5, -4/45 HPs)
             Began as an Ogre Fire Elementalist on Oct 3, 2023.
             Killed by an exploding lemure (40 damage)
             ... ignited by their inner flame
             ... on level 4 of the Dungeon.
             The game lasted 00:07:28 (3663 turns).

arthad the Ogre Mage (Ogre Fire Elementalist)       Turns: 3663, Time: 00:07:29

Health: -4/45      AC:  3    Str: 12    XL:     5   Next: 75%
Magic:  4/10       EV: 10    Int: 18    God:
Gold:   129        SH:  0    Dex:  9    Spells: 5/11 levels left

rFire   . . .        r - +3 short sword (venom)
rCold   . . .        (no shield)
rNeg    . . .        a - +0 robe
rPois   .            (helmet restricted)
rElec   .            (no cloak)
rCorr   .            (gloves unavailable)
SInv    .            (boots unavailable)
Will    .....        (no amulet)
Stlth   ++           (no ring)
HPRegen 0.27/turn    (no ring)
MPRegen 0.12/turn

%: no passive effects
@: no status effects
A: large, unfitting armour, tough skin 1
a: no special abilities


You were on level 4 of the Dungeon.
You visited 1 branch of the dungeon, and saw 4 of its levels.

You collected 129 gold pieces.

Inventory:

Hand Weapons
 r - a +3 short sword of venom (weapon)
Missiles
 c - 9 poisoned darts
 s - 2 javelins
Armour
 a - a +0 robe (worn)
 e - the +3 scale mail of Honesty {Drain rPois Regen+ Stlth+}
   (You took it off an orc on level 4 of the Dungeon)

   rPois:     It protects you from poison Regen+: It increases your rate of
   health regeneration.
   Drain:     It drains your maximum health when unequipped.
   Stlth+:    It makes you more stealthy.
Jewellery
 b - a +4 ring of protection
 m - a +6 ring of strength
Scrolls
 g - a scroll of amnesia
 l - 3 scrolls of teleportation
 o - a scroll of silence {unknown}
 p - a scroll of vulnerability {unknown}
Potions
 d - 2 potions of mutation
 f - a potion of curing
 k - a potion of might {unknown}
 n - 2 potions of enlightenment {unknown}


   Skills:
 + Level 2.7 Dodging
 + Level 2.4 Stealth
 + Level 3.5 Spellcasting
 + Level 2.2 Conjurations
 + Level 3.4 Fire Magic


You had 5 spell levels left.
You knew the following spells:

 Your Spells              Type           Power      Damage    Failure   Level
a - Foxfire               Conj/Fire      52%        2x1d6     4%          1
b - Scorch                Fire           30%        2d6       5%          2
c - Volatile Blastmotes   Fire/Tloc      18%        2d11      22%         3

Your spell library contained the following spells:

 Spells                   Type           Power      Damage    Failure   Level
 Inner Flame              Hex/Fire       9%         N/A       22%         3
 Flame Wave               Conj/Fire      13%        2d6       43%         4


Dungeon Overview and Level Annotations

Branches:
Dungeon (4/15)             Temple (0/1) D:4

Altars:
Gozag
Zin

Annotations:
D:4 Robin


Innate Abilities, Weirdness & Mutations

You are too large for most types of armour.
You have tough skin. (AC +1)


Message History

The lemure shouts!
Okay, then.
As you read the scroll of immolation, it crumbles to dust.
The creatures around you are filled with an inner flame!
You conjure some foxfire!
Casting: Foxfire (safe; 4% risk of failure)
Confirm with . or Enter, or press ? or * to list all spells.
Flames lash the lemure.
Flame seeps out of the lemure.
The lemure is lightly wounded.
The lemure's fire resistance burns away.
The foxfire hits Pikel but does no damage.
The foxfire hits Pikel.
Flame seeps out of Pikel.
Pikel is lightly wounded.
Robin of the Strong Arm comes into view.
They are wielding a +0 dagger.
Pikel is engulfed in blazing flames.
Flame seeps out of Pikel.
The lemure is engulfed in blazing flames.
Flame seeps out of the lemure.
You conjure some foxfire!
Pikel hits you with a +2 whip of flaming.
Pikel burns you.
The foxfire hits the lemure!
The lemure is burned terribly!
Flame seeps out of the lemure.
The lemure is almost dead.
As you read the scroll labelled NATTUQYFUT, it crumbles to dust.
It is a scroll of enchant weapon.
Your +2 short sword of venom glows red for a moment.
The foxfire hits Pikel.
Flame seeps out of Pikel.
Pikel is moderately wounded.
Pikel is engulfed in blazing flames.
Flame seeps out of Pikel.
Pikel barely misses you.
It was a potion of curing.
You feel better.
The lemure is no longer more vulnerable to fire.
Pikel is engulfed in blazing flames.
Flame seeps out of Pikel.
Pikel hits you with a +2 whip of flaming!
Pikel burns you.
The lemure is engulfed in blazing flames.
That felt strangely unrewarding.
The lemure explodes!
The fiery explosion engulfs Pikel!!
The fiery explosion engulfs you!!!
Ouch! That really hurt!
You die...

,,** #...###..# ,,,** #.⌠.# ##.#
,,,,* ####...####.# ,,,,*
#.........#.### ## ,,,,*
#.⌠..>..⌠.#...######### ,,,,*
#....(....#.#.#.......) ,,,,*
####...####.#...#######
.,,####**### #.⌠§# #.............
..,,...*#..###.§@###..#..########
)...*#.##...###○°§####...# *,,,..
....##......#.5§§##**#.#.# *,,,..
........<...#5.###**,..###**+,,..
.......§.>K.g....,,,.##*~~~~*,,#.
........#.......#**##***,,,~*,,#.
.................,,,,,,*,,,~*,,##
.......#....$...#.,,****,,,~*,,##
######......######*,,***,,,~*,,##


You could see 2 lemures and Robin.

Vanquished Creatures
  Pikel (D:4)
  2 lemures
  An orc priest (D:3)
  5 adders
  3 gnolls (D:3)
  4 worms
  A dart slug (D:4)
  3 orcs
  4 endoplasms
  3 giant cockroaches
  10 hobgoblins
  2 jackals (D:1)
  7 kobolds
  2 quokkas
  3 ball pythons
  5 bats
  17 goblins
  5 rats
78 creatures vanquished.

Vanquished Creatures (others)
  253 foxfires
253 creatures vanquished.

Grand Total: 331 creatures vanquished

Notes
Turn   | Place    | Note
-------+----------+-------------------------------------------
     0 | D:1      | arthad the Ogre Fire Elementalist began the quest for the
                  | Orb.
     0 | D:1      | Reached XP level 1. HP: 16/16 MP: 3/3
    96 | D:1      | Reached skill level 1 in Conjurations
   177 | D:1      | Reached XP level 2. HP: 24/24 MP: 1/5
  1021 | D:1      | Reached XP level 3. HP: 31/31 MP: 4/7
  1240 | D:2      | Found a glowing silver altar of Zin.
  1497 | D:2      | Reached XP level 4. HP: 39/39 MP: 5/8
  1676 | D:2      | Learned a level 2 spell: Scorch
  1680 | D:2      | Learned a level 3 spell: Volatile Blastmotes
  2297 | D:3      | Found a glowing silver altar of Zin.
  2581 | D:3      | Reached XP level 5. HP: 10/45 MP: 1/9
  3151 | D:3      | Found an opulent altar of Gozag.
  3403 | D:4      | Noticed a lemure
  3405 | D:4      | Noticed Pikel
  3416 | D:3      | Killed a lemure
  3571 | D:4      | Identified the +3 scale mail of Honesty {Drain rPois Regen+
                  | Stlth+}
  3644 | D:4      | Found a staircase to the Ecumenical Temple.
  3654 | D:4      | Noticed a lemure
  3654 | D:4      | Noticed a lemure
  3655 | D:4      | Noticed a lemure
  3660 | D:4      | Noticed Robin
  3663 | D:4      | Killed a lemure
  3663 | D:4      | Killed Pikel
  3663 | D:4      | Killed by an exploding lemure... ignited by their inner
                  | flame

Illustrated notes

Levels and vault maps discovered:
D:1:      dpeg_arrival_boxorama, layout_basic
D:2:      layout_loops_ring, basic_altar, minmay_close_crescents
D:3:      layout_basic, mainiacjoe_overflow_chevrons,
          mainiacjoe_overflow_24_doors
D:4:      layout_rooms, elyvilon_altar_4,
          mainiacjoe_overflow_concentric_impassable,
          minmay_temple_entry_junction, portal_sewer_entry_e,
          minmay_misc_feat_square, chequers_serial_rivers_room_a, minivault_11,
          uniq_grinder, uniq_pikel, uniq_robin

Skill      XL: |  1  2  3  4  5 |
---------------+----------------+-----
Conjurations   | 1 2 |  2.2
Dodging        | 2 |  2.7
Fire Magic     | 3 |  3.4
Spellcasting   | 3 |  3.5
Stealth        | 2 |  2.4

Action                     |  1- 3 |  4- 6 || total
---------------------------+-------+-------++-------
  Melee: Unarmed           |     5 |     1 ||     6
         Short sword       |       |     6 ||     6
   Cast: Foxfire           |    61 |    87 ||   148
         Scorch            |       |    11 ||    11
    Use: Potion            |       |     2 ||     2
         Scroll            |       |     8 ||     8
 Armour: Robe              |    12 |    25 ||    37
  Dodge: Dodged            |     9 |     5 ||    14

Table legend: (Time is in decaauts)
 A = Elapsed time spent in this place.
 B = Non-inter-level travel time spent in this place.
 C = Inter-level travel time spent in this place.
 D = Time resting spent in this place.
 E = Time spent auto-exploring this place.
 F = Levels seen in this place.
 G = Mean time per level.
                   A        B        C        D        E       F      G
               +--------+--------+--------+--------+--------+-----+--------+
         Total |   3662 |   3595 |     67 |     17 |   3036 |   4 |  915.5 |
       Dungeon |   3662 |   3595 |     67 |     17 |   3036 |   4 |  915.5 |
               +--------+--------+--------+--------+--------+-----+--------+

Top non-repeatable levels by time:
     D:3: 1260 daAuts
     D:2: 1133 daAuts
     D:1: 1065 daAuts
     D:4: 203 daAuts
